TOP OF THE 1ST |
Hamilton Cardinals batting - Pitching for Southern Maryland Blue Crabs : RHP Chris McCurdy
|
Pitching: RHP Chris McCurdy
|
|
Batting: SHB Justin Towry
|
0-0: Ball 1-0: Ground out 3-1 (Groundball, 34, EV 88.8 MPH)
|
Batting: RHB Tim Williams
|
0-0: SINGLE (Line Drive, 56D, EV 99.4 MPH)
|
Batting: SHB Justin Houser
|
0-0: Ball 1-0: Foul Ball, location: 2F 1-1: Ball 2-1: Foul Ball, location: 2F 2-2: Foul Ball, location: 2F 2-2: Strikes out swinging
|
Batting: RHB Ben Politi
|
0-0: SINGLE (Line Drive, 7S, EV 106.9 MPH) Tim Williams to second
|
Batting: RHB Bobby Miles
|
0-0: Called Strike 0-1: Ball 1-1: Swinging Strike 1-2: Foul Ball, location: 2F 1-2: Ball 2-2: Strikes out swinging
|
Top of the 1st over - 0 runs, 2 hits, 0 errors, 2 left on base; Hamilton 0 - Southern Maryland 0 |
BOTTOM OF THE 1ST |
Southern Maryland Blue Crabs batting - Pitching for Hamilton Cardinals : RHP Steve Holmes
|
Pitching: RHP Steve Holmes
|
|
Batting: LHB Ralph Braine
|
0-0: Ball 1-0: Called Strike 1-1: Ball 2-1: Foul Ball, location: 2F 2-2: Foul Ball, location: 2F 2-2: Ground out 4-3 (Groundball, 4M, EV 81.9 MPH)
|
Batting: RHB Kevin Popowicz
|
0-0: Swinging Strike 0-1: Foul Ball, location: 2F 0-2: Ball 1-2: DOUBLE (Flyball, 8LXD, EV 104.4 MPH)
|
Batting: RHB Wes Reynolds
|
0-0: Ball Kevin Popowicz steals 3rd base (no throw) 1-0: Foul Ball, location: 2F 1-1: Ball 2-1: Ball 3-1: Base on Balls
|
Batting: RHB Mike Pitts
|
0-0: Ball Wes Reynolds is caught stealing 2nd base 2-4 1-0: Fly out, F9 (Flyball, 9LS, EV 87.5 MPH)
|
Bottom of the 1st over - 0 runs, 1 hit, 0 errors, 1 left on base; Hamilton 0 - Southern Maryland 0 |
TOP OF THE 2ND |
Hamilton Cardinals batting - Pitching for Southern Maryland Blue Crabs : RHP Chris McCurdy
|
Batting: RHB Steve Hansen
|
0-0: Swinging Strike 0-1: Ball 1-1: Ball 2-1: Called Strike 2-2: Ground out 6-3 (Groundball, 6, EV 85.0 MPH)
|
Batting: RHB Johnny Lowe
|
0-0: SINGLE (Groundball, 34D, EV 105.0 MPH)
|
Batting: RHB Edgar Klockow
|
0-0: Ball 1-0: Called Strike 1-1: Swinging Strike 1-2: Ball 2-2: Ball 3-2: Strikes out swinging
|
Batting: RHB McGwire Jones
|
0-0: Ball 1-0: Fly out, F6 (Popup, 56, EV 72.5 MPH)
|
Top of the 2nd over - 0 runs, 1 hit, 0 errors, 1 left on base; Hamilton 0 - Southern Maryland 0 |
BOTTOM OF THE 2ND |
Southern Maryland Blue Crabs batting - Pitching for Hamilton Cardinals : RHP Steve Holmes
|
Batting: RHB Ethan Finke
|
0-0: Ball 1-0: Fly out, F6 (Popup, 6, EV 80.6 MPH)
|
Batting: LHB Pat Fontana
|
0-0: Called Strike 0-1: Ball 1-1: Ball 2-1: DOUBLE (Line Drive, 3D, EV 93.8 MPH)
|
Batting: RHB Dave Perron
|
0-0: Foul Ball, location: 2F 0-1: Called Strike 0-2: Ball 1-2: Foul Ball, location: 2F 1-2: Ball 2-2: DOUBLE (Line Drive, 7LS, EV 110.0 MPH) Pat Fontana scores
|
Batting: LHB Vinny Rivera
|
0-0: Ball 1-0: Ball 2-0: Called Strike 2-1: Ground out 4-3 (Groundball, 4S, EV 71.2 MPH) Dave Perron to third
|
Batting: SHB Carlos Carrillo
|
0-0: Ball 1-0: Ball 2-0: Ball 3-0: Base on Balls
|
Batting: LHB Ralph Braine
|
0-0: Foul Ball, location: 2F 0-1: Ball 1-1: Fly out, F8 (Line Drive, 8RM, EV 95.0 MPH)
|
Bottom of the 2nd over - 1 run, 2 hits, 0 errors, 2 left on base; Hamilton 0 - Southern Maryland 1 |
TOP OF THE 3RD |
Hamilton Cardinals batting - Pitching for Southern Maryland Blue Crabs : RHP Chris McCurdy
|
Batting: SHB Justin Towry
|
0-0: Called Strike 0-1: Swinging Strike 0-2: Ball 1-2: Ball 2-2: SINGLE (Line Drive, 7S, EV 106.9 MPH)
|
Batting: RHB Tim Williams
|
0-0: Ball 1-0: Ball 2-0: Ball 3-0: Called Strike 3-1: Base on Balls Justin Towry to second
|
Batting: SHB Justin Houser
|
0-0: Ball 1-0: Ball 2-0: Fly out, F8 (Line Drive, 8LD, EV 88.1 MPH)
|
Batting: RHB Ben Politi
|
0-0: Ball 1-0: Swinging Strike 1-1: Fly out, F9 (Line Drive, 9, EV 89.4 MPH)
|
Batting: RHB Bobby Miles
|
0-0: Fly out, F8 (Line Drive, 8RM, EV 88.8 MPH)
|
Top of the 3rd over - 0 runs, 1 hit, 0 errors, 2 left on base; Hamilton 0 - Southern Maryland 1 |
BOTTOM OF THE 3RD |
Southern Maryland Blue Crabs batting - Pitching for Hamilton Cardinals : RHP Steve Holmes
|
Batting: RHB Kevin Popowicz
|
0-0: Called Strike 0-1: Ball 1-1: Ball 2-1: Called Strike 2-2: Ground out 6-3 (Groundball, 6, EV 86.2 MPH)
|
Batting: RHB Wes Reynolds
|
0-0: Fly out, F3 (Popup, 3, EV 76.9 MPH)
|
Batting: RHB Mike Pitts
|
0-0: Ball 1-0: Foul Ball, location: 2F 1-1: Fly out, F8 (Flyball, 78D, EV 96.2 MPH)
|
Bottom of the 3rd over - 0 runs, 0 hits, 0 errors, 0 left on base; Hamilton 0 - Southern Maryland 1 |
TOP OF THE 4TH |
Hamilton Cardinals batting - Pitching for Southern Maryland Blue Crabs : RHP Chris McCurdy
|
Batting: RHB Steve Hansen
|
0-0: Called Strike 0-1: Ball 1-1: SINGLE (Line Drive, 6D, EV 98.1 MPH)
|
Batting: RHB Johnny Lowe
|
0-0: Called Strike 0-1: Swinging Strike 0-2: Ball 1-2: Foul Ball, location: 2F 1-2: Ground out 6-3 (Groundball, P, EV 86.9 MPH) Steve Hansen to second
|
Batting: RHB Edgar Klockow
|
0-0: Swinging Strike 0-1: Ball 1-1: Ball 2-1: Foul Ball, location: 2F 2-2: Strikes out looking
|
Batting: RHB McGwire Jones
|
0-0: Called Strike 0-1: Ball 1-1: Ball 2-1: Foul Ball, location: 2F 2-2: Ball 3-2: Strikes out swinging
|
Top of the 4th over - 0 runs, 1 hit, 0 errors, 1 left on base; Hamilton 0 - Southern Maryland 1 |
BOTTOM OF THE 4TH |
Southern Maryland Blue Crabs batting - Pitching for Hamilton Cardinals : RHP Steve Holmes
|
Batting: RHB Ethan Finke
|
0-0: Ball 1-0: Called Strike 1-1: Ball 2-1: Ball 3-1: Base on Balls
|
Batting: LHB Pat Fontana
|
0-0: TRIPLE (Line Drive, 78XD, EV 102.5 MPH) Ethan Finke scores
|
Batting: RHB Dave Perron
|
0-0: Ball 1-0: Ball 2-0: 2-RUN HOME RUN (Flyball, 9D, EV 98.8 MPH), Distance : 390 ft
|
Batting: LHB Vinny Rivera
|
0-0: Ball 1-0: Ball 2-0: Ball 3-0: Swinging Strike 3-1: Foul Ball, location: 2F 3-2: Base on Balls
|
Batting: SHB Carlos Carrillo
|
0-0: Ball Wild Pitch! Vinny Rivera to second 1-0: Foul Ball, location: 2F 1-1: Foul Ball, location: 2F 1-2: Ground out 4-3 (Groundball, 34, EV 78.8 MPH) Vinny Rivera to third
|
Batting: LHB Ralph Braine
|
0-0: Ball 1-0: Ball 2-0: Ball 3-0: Base on Balls
|
Batting: RHB Kevin Popowicz
|
0-0: Foul Ball, location: 2F 0-1: Ball Ralph Braine steals 2nd base 1-1: Foul Ball, location: 2F 1-2: Ball 2-2: Ground out 5-3 (Groundball, 5, EV 106.2 MPH)
|
Batting: RHB Wes Reynolds
|
0-0: Foul Ball, location: 2F 0-1: Ball 1-1: Ball 2-1: Swinging Strike 2-2: Ground out U3 (Groundball, 3, EV 93.8 MPH)
|
Bottom of the 4th over - 3 runs, 2 hits, 0 errors, 2 left on base; Hamilton 0 - Southern Maryland 4 |
TOP OF THE 5TH |
Hamilton Cardinals batting - Pitching for Southern Maryland Blue Crabs : RHP Chris McCurdy
|
Batting: SHB Justin Towry
|
0-0: Swinging Strike 0-1: Foul Ball, location: 2F 0-2: Foul Ball, location: 2F 0-2: Ball 1-2: Ball 2-2: Strikes out looking
|
Batting: RHB Tim Williams
|
0-0: Ball 1-0: Ball 2-0: Fly out, F8 (Flyball, 8RD, EV 97.5 MPH)
|
Batting: SHB Justin Houser
|
0-0: Foul Ball, location: 2F 0-1: Swinging Strike 0-2: Foul Ball, location: 2F 0-2: Ball 1-2: Ball 2-2: Fly out, F4 (Popup, 23, EV 78.1 MPH)
|
Top of the 5th over - 0 runs, 0 hits, 0 errors, 0 left on base; Hamilton 0 - Southern Maryland 4 |
BOTTOM OF THE 5TH |
Southern Maryland Blue Crabs batting - Pitching for Hamilton Cardinals : RHP Steve Holmes
|
Batting: RHB Mike Pitts
|
0-0: Called Strike 0-1: Foul Ball, location: 2F 0-2: Ball 1-2: Ground out 5-3 (Groundball, 5S, EV 89.4 MPH)
|
Batting: RHB Ethan Finke
|
0-0: Ball 1-0: Swinging Strike 1-1: Foul Ball, location: 2F 1-2: Ball 2-2: Foul Ball, location: 2F 2-2: Fly out, F4 (Popup, 4, EV 57.5 MPH)
|
Batting: LHB Pat Fontana
|
0-0: Fly out, F8 (Line Drive, 8RD, EV 95.0 MPH)
|
Bottom of the 5th over - 0 runs, 0 hits, 0 errors, 0 left on base; Hamilton 0 - Southern Maryland 4 |
TOP OF THE 6TH |
Hamilton Cardinals batting - Pitching for Southern Maryland Blue Crabs : RHP Chris McCurdy
|
Pitching: RHP Mark Lloyd
|
|
Batting: RHB Ben Politi
|
0-0: Ball 1-0: Ball 2-0: Called Strike 2-1: Ball 3-1: Base on Balls
|
Batting: RHB Bobby Miles
|
0-0: Ball 1-0: Ball 2-0: Called Strike 2-1: Foul Ball, location: 2F 2-2: Ball 3-2: SINGLE (Groundball, 6MD, EV 96.2 MPH) Ben Politi to second Runner from 2nd tries for 3rd, SAFE, throw by CF made to third
|
Batting: RHB Steve Hansen
|
0-0: Ball 1-0: Ball Bobby Miles steals 2nd base 2-0: Called Strike 2-1: Called Strike 2-2: Ground out 2-3 (Groundball, 2L, EV 75.0 MPH)
|
Batting: RHB Johnny Lowe
|
0-0: Ball 1-0: SINGLE (Flyball, 89M, EV 76.2 MPH) Ben Politi scores Bobby Miles to third
|
Batting: RHB Edgar Klockow
|
0-0: Called Strike 0-1: Foul Ball, location: 2F 0-2: Strikes out swinging
|
Pinch Hitting: RHB Joey Black
|
0-0: Ball 1-0: Fly out, F7 (Flyball, 78D, EV 100.0 MPH)
|
Top of the 6th over - 1 run, 2 hits, 0 errors, 2 left on base; Hamilton 1 - Southern Maryland 4 |
BOTTOM OF THE 6TH |
Southern Maryland Blue Crabs batting - Pitching for Hamilton Cardinals : RHP Steve Holmes
|
Now at 3B: Nelson Pelico
|
|
Batting: RHB Dave Perron
|
0-0: Ball 1-0: Foul Ball, location: 2F 1-1: SOLO HOME RUN (Line Drive, 7D, EV 100.6 MPH), Distance : 392 ft
|
Batting: LHB Vinny Rivera
|
0-0: Called Strike 0-1: Ball 1-1: Ball 2-1: SINGLE (Line Drive, 9S, EV 110.0 MPH)
|
Batting: SHB Carlos Carrillo
|
0-0: Ball 1-0: Ball 2-0: Called Strike 2-1: Ball Vinny Rivera steals 2nd base (no throw) 3-1: Foul Ball, location: 2F 3-2: Foul Ball, location: 2F 3-2: 2-RUN HOME RUN (Flyball, 9D, EV 100.0 MPH), Distance : 386 ft
|
Batting: LHB Ralph Braine
|
0-0: Ball 1-0: Ball 2-0: Ball 3-0: Called Strike 3-1: Base on Balls
|
Batting: RHB Kevin Popowicz
|
0-0: Ball 1-0: Ball 2-0: Ball 3-0: Called Strike 3-1: Base on Balls Ralph Braine to second
|
Batting: RHB Wes Reynolds
|
0-0: Ball 1-0: Foul Ball, location: 2F 1-1: Ball 2-1: Ball 3-1: Called Strike 3-2: SINGLE (Groundball, 6D, EV 99.4 MPH) Ralph Braine to third Kevin Popowicz to second Runner from 3rd tries for Home, SAFE, throw by LF to home
|
Pitching: RHP Daniel Boulter
|
|
Batting: RHB Mike Pitts
|
0-0: Called Strike 0-1: Ball 1-1: Fly out, F5 (Popup, 5F, EV 65.0 MPH)
|
Batting: RHB Ethan Finke
|
0-0: Called Strike 0-1: Swinging Strike 0-2: Strikes out swinging
|
Batting: LHB Pat Fontana
|
0-0: Called Strike 0-1: Foul Ball, location: 2F 0-2: Ground out U3 (Groundball, 3, EV 90.6 MPH)
|
Bottom of the 6th over - 4 runs, 4 hits, 0 errors, 2 left on base; Hamilton 1 - Southern Maryland 8 |
TOP OF THE 7TH |
Hamilton Cardinals batting - Pitching for Southern Maryland Blue Crabs : RHP Mark Lloyd
|
Batting: SHB Justin Towry
|
0-0: Ball 1-0: Called Strike 1-1: Ball 2-1: Fly out, F8 (Flyball, 78D, EV 110.0 MPH)
|
Batting: RHB Tim Williams
|
0-0: Ball 1-0: Foul Ball, location: 2F 1-1: Ball 2-1: Ball 3-1: Base on Balls
|
Batting: SHB Justin Houser
|
0-0: Called Strike 0-1: Ball 1-1: DOUBLE (Flyball, 8RXD, EV 106.2 MPH) Tim Williams to third
|
Batting: RHB Ben Politi
|
0-0: Called Strike 0-1: Ball 1-1: Ground out 6-3 (Groundball, 56D, EV 102.5 MPH) Tim Williams scores
|
Batting: RHB Bobby Miles
|
0-0: Ball 1-0: Ground out 5-3 (Groundball, 5, EV 85.6 MPH)
|
Top of the 7th over - 1 run, 1 hit, 0 errors, 1 left on base; Hamilton 2 - Southern Maryland 8 |
BOTTOM OF THE 7TH |
Southern Maryland Blue Crabs batting - Pitching for Hamilton Cardinals : RHP Daniel Boulter
|
Batting: RHB Dave Perron
|
0-0: Ball 1-0: Ball 2-0: Ball 3-0: Base on Balls
|
Batting: LHB Vinny Rivera
|
0-0: Called Strike 0-1: Ball 1-1: Grounds out, U3 (Groundball, 3L, EV 85.6 MPH)
|
Batting: SHB Carlos Carrillo
|
0-0: Called Strike 0-1: Ball 1-1: Ball 2-1: Ground out 6-3 (Groundball, 6, EV 105.6 MPH)
|
Batting: LHB Ralph Braine
|
0-0: Called Strike 0-1: Ball 1-1: Ball 2-1: Called Strike 2-2: DOUBLE (Flyball, 8LXD, EV 96.2 MPH) Dave Perron scores
|
Pinch Hitting: RHB Jason Burke
|
0-0: Called Strike 0-1: Swinging Strike 0-2: Ball 1-2: Ball 2-2: Ball 3-2: Base on Balls
|
Pitching: RHP Kiyoyuki Abe
|
|
Pinch Hitting: RHB Minoru Matsumoto
|
0-0: Called Strike 0-1: SINGLE (Groundball, 6MD, EV 103.8 MPH) Ralph Braine to third Jason Burke to second Runner from 3rd tries for Home, SAFE, throw by CF to home
|
Pinch Hitting: RHB Matthew Neal
|
0-0: Ball 1-0: Ball 2-0: Ball 3-0: Base on Balls Jason Burke to third Minoru Matsumoto to second
|
Batting: RHB Ethan Finke
|
0-0: TRIPLE (Flyball, 78XD, EV 103.1 MPH) Jason Burke scores Minoru Matsumoto scores Matthew Neal scores
|
Batting: LHB Pat Fontana
|
0-0: Called Strike 0-1: Fly out, F6 (Flyball, 6D, EV 87.5 MPH)
|
Bottom of the 7th over - 5 runs, 3 hits, 0 errors, 1 left on base; Hamilton 2 - Southern Maryland 13 |
TOP OF THE 8TH |
Hamilton Cardinals batting - Pitching for Southern Maryland Blue Crabs : RHP Mark Lloyd
|
Now at 1B: Dan Thomey
|
|
Now at 2B: Jason Burke
|
|
Now at 3B: Matthew Neal
|
|
Batting: RHB Steve Hansen
|
0-0: Ball 1-0: Called Strike 1-1: Foul Ball, location: 2F 1-2: Foul Ball, location: 2F 1-2: Ball 2-2: Fly out, F2 (Popup, 25F, EV 89.4 MPH)
|
Pitching: RHP Casey Tietjen
|
|
Batting: RHB Johnny Lowe
|
0-0: Ball 1-0: Foul Ball, location: 2F 1-1: Swinging Strike 1-2: Ground out 4-3 (Groundball, 4, EV 93.1 MPH)
|
Batting: RHB Edgar Klockow
|
0-0: Fly out, F8 (Flyball, 8LS, EV 82.5 MPH)
|
Top of the 8th over - 0 runs, 0 hits, 0 errors, 0 left on base; Hamilton 2 - Southern Maryland 13 |
BOTTOM OF THE 8TH |
Southern Maryland Blue Crabs batting - Pitching for Hamilton Cardinals : RHP Kiyoyuki Abe
|
Batting: RHB Dave Perron
|
0-0: Called Strike 0-1: Ball 1-1: Foul Ball, location: 2F 1-2: Ground out 5-3 (Groundball, 56, EV 86.9 MPH)
|
Batting: LHB Vinny Rivera
|
0-0: Ball 1-0: Called Strike 1-1: Ball 2-1: Ball 3-1: Base on Balls
|
Batting: SHB Carlos Carrillo
|
0-0: Ball 1-0: Swinging Strike 1-1: Ball 2-1: Grounds into double play, 6-4-3 (Groundball, 6MS, EV 83.8 MPH)
|
Bottom of the 8th over - 0 runs, 0 hits, 0 errors, 0 left on base; Hamilton 2 - Southern Maryland 13 |
TOP OF THE 9TH |
Hamilton Cardinals batting - Pitching for Southern Maryland Blue Crabs : RHP Casey Tietjen
|
Batting: LHB Nelson Pelico
|
0-0: Called Strike 0-1: Fly out, F5 (Popup, 5, EV 60.6 MPH)
|
Batting: SHB Justin Towry
|
0-0: Ball 1-0: Ball 2-0: Foul Ball, location: 2F 2-1: Ground out 4-3 (Groundball, 4, EV 79.4 MPH)
|
Batting: RHB Tim Williams
|
0-0: Ball 1-0: Ball 2-0: Fly out, F3 (Popup, 34, EV 61.2 MPH)
|
Top of the 9th over - 0 runs, 0 hits, 0 errors, 0 left on base; Hamilton 2 - Southern Maryland 13 |
|